[ AOE2 MATCH · #475847825 ]
UnrankedMalians vs Burgundians
[ REPLAY ANALYSIS · EXTRACTED FROM THE RECORDED GAME ]
Feudal
12:23
Castle
15:53
Imperial
—
| APM avg | 35.9 |
| APM peak | 82 |
| eAPM avg | 24.5 |
| Villagers / military | 93 / 36 |
Focus
⚔️ 40.7% · 🌾 59.3%
Gbeto ×28 · Fishing Ship ×20 · Battering Ram ×5 · Unknown (2626) ×4 · Fire Galley ×2 · Trade Cog ×1
Feudal
10:56
Castle
14:26
Imperial
26:11
| APM avg | 29.9 |
| APM peak | 59 |
| eAPM avg | 14.8 |
| Villagers / military | 44 / 21 |
Focus
⚔️ 32.3% · 🌾 67.7%
Monk ×10 · Unknown (2626) ×10 · Coustillier ×5 · Fishing Ship ×5 · Transport Ship ×2 · Trebuchet (Packed) ×2
Feudal
13:01
Castle
16:43
Imperial
22:30
| APM avg | 39.3 |
| APM peak | 66 |
| eAPM avg | 18.2 |
| Villagers / military | 42 / 18 |
Focus
⚔️ 32.6% · 🌾 67.4%
Fishing Ship ×13 · Rattan Archer ×10 · Fire Lancer ×6 · Transport Ship ×1 · Unknown (2626) ×1 · Trebuchet (Packed) ×1
Feudal
10:36
Castle
14:09
Imperial
—
| APM avg | 30.4 |
| APM peak | 71 |
| eAPM avg | 14.6 |
| Villagers / military | 48 / 12 |
Focus
⚔️ 24.6% · 🌾 75.4%
Unknown (2626) ×8 · Scout Cavalry ×7 · Fishing Ship ×4 · Janissary ×3 · Mangonel ×1 · Transport Ship ×1
Match map
Initial resources + every placement click. Lines = walls · curves = elevation contours. ◆ gold · ⬟ stone · ● berries · ✦ relic · ◌ wall gap
Your base· Open — 6t gap
DK_DM_The_Death's base· ✓ Closed at 14:26 · 0t walls · 4 gate(s)
DK_Nightclaim's base· Open — 11t gap
Nephthys123's base· ✓ Closed at 14:09 · 13t walls · 4 gate(s)
Smoothed initial terrain · ◌ = detected wall gap · hover for details
Inputs per minute
— Breakfast - - DK_DM_The_Death
Build order — Breakfast
First 150 of 202 actions detected
| 0:03 | Build | Town Center |
| 0:41 | Build | Dock |
| 1:26 | Create | Fishing Ship |
| 1:27 | Create | Villager (Male) ×4 |
| 2:23 | Build | House |
| 2:53 | Create | Villager (Male) |
| 3:10 | Build | House |
| 3:17 | Create | Fishing Ship |
| 3:31 | Create | Villager (Male) |
| 3:44 | Build | House |
| 3:50 | Create | Villager (Male) |
| 4:12 | Create | Fishing Ship |
| 4:23 | Create | Villager (Male) |
| 4:44 | Create | Villager (Male) |
| 5:00 | Create | Fishing Ship |
| 5:12 | Create | Villager (Male) |
| 5:13 | Create | Villager (Male) |
| 5:13 | Create | Villager (Male) |
| 5:34 | Create | Fishing Ship |
| 5:50 | Build | House |
| 5:52 | Create | Villager (Male) |
| 5:53 | Create | Villager (Male) |
| 6:17 | Create | Fishing Ship |
| 6:29 | Create | Villager (Male) |
| 6:48 | Build | Dock |
| 6:52 | Create | Villager (Male) |
| 6:58 | Build | House |
| 7:17 | Create | Villager (Male) |
| 7:18 | Create | Fishing Ship |
| 7:42 | Create | Fishing Ship |
| 7:44 | Create | Villager (Male) |
| 7:48 | Build | House |
| 8:09 | Create | Fishing Ship |
| 8:10 | Create | Villager (Male) |
| 8:22 | Create | Fishing Ship |
| 8:39 | Build | Mill |
| 8:41 | Create | Villager (Male) |
| 8:50 | Build | House |
| 8:56 | Create | Fishing Ship |
| 9:04 | Create | Villager (Male) |
| 9:26 | Create | Fishing Ship |
| 9:33 | Build | House |
| 9:43 | Create | Villager (Male) |
| 9:57 | Build | Lumber Camp |
| 10:12 | Research | Feudal Age |
| 10:14 | Create | Fishing Ship |
| 10:21 | Research | Loom |
| 10:40 | Create | Fishing Ship |
| 11:11 | Create | Villager (Male) |
| 11:43 | Build | Dock |
| 12:23 | Age | Feudal Age |
| 12:26 | Build | Market |
| 12:29 | Build | Blacksmith |
| 12:32 | Create | Unit 2626 |
| 12:54 | Create | Fire Galley |
| 13:13 | Research | Castle Age |
| 13:42 | Create | Villager (Male) |
| 13:45 | Research | Double-Bit Axe |
| 13:52 | Research | Tech 906 |
| 13:54 | Create | Fishing Ship |
| 13:56 | Create | Villager (Male) |
| 14:24 | Research | Wheelbarrow |
| 15:05 | Build | House |
| 15:09 | Build | Outpost |
| 15:11 | Research | Town Watch |
| 15:11 | Research | Wheelbarrow |
| 15:31 | Build | Outpost |
| 15:35 | Build | Outpost |
| 15:48 | Build | House |
| 15:50 | Create | Unit 2626 |
| 15:53 | Age | Castle Age |
| 16:02 | Create | Villager (Male) |
| 16:05 | Build | Castle |
| 16:26 | Research | Gillnets |
| 16:30 | Create | Villager (Male) |
| 16:37 | Create | Fishing Ship |
| 16:55 | Build | Palisade Wall |
| 17:14 | Research | Bow Saw |
| 17:27 | Research | Scale Mail Armor |
| 17:28 | Research | Forging |
| 17:38 | Build | Town Center |
| 17:49 | Create | Villager (Male) |
| 17:53 | Research | War Galley (upgrade) |
| 18:03 | Create | Gbeto |
| 18:03 | Create | Gbeto |
| 18:12 | Create | Villager (Male) |
| 18:13 | Create | Fishing Ship |
| 18:18 | Create | Fishing Ship |
| 18:20 | Create | Villager (Male) |
| 18:32 | Create | Unit 2626 |
| 18:32 | Create | Fire Galley |
| 18:33 | Create | Villager (Male) |
| 18:37 | Create | Gbeto |
| 18:37 | Create | Gbeto |
| 18:38 | Create | Gbeto |
| 18:38 | Create | Villager (Male) |
| 19:00 | Create | Villager (Male) |
| 19:08 | Create | Gbeto |
| 19:16 | Create | Villager (Male) |
| 19:16 | Create | Villager (Male) |
| 19:18 | Create | Villager (Male) |
| 19:22 | Create | Unit 2626 |
| 19:23 | Create | Fishing Ship |
| 19:24 | Create | Fishing Ship |
| 19:33 | Create | Villager (Male) |
| 19:33 | Create | Villager (Male) |
| 19:48 | Create | Gbeto |
| 19:49 | Create | Villager (Male) |
| 19:49 | Create | Villager (Male) |
| 20:08 | Build | Siege Workshop |
| 20:16 | Create | Gbeto |
| 20:17 | Create | Villager (Male) |
| 20:17 | Create | Villager (Male) |
| 20:17 | Create | Villager (Male) |
| 20:19 | Create | Gbeto |
| 20:33 | Build | Outpost |
| 20:38 | Create | Villager (Male) |
| 20:38 | Create | Villager (Male) |
| 20:40 | Create | Gbeto |
| 20:40 | Create | Gbeto |
| 21:16 | Create | Gbeto |
| 21:16 | Create | Gbeto |
| 21:19 | Create | Villager (Male) ×3 |
| 21:29 | Build | Town Center |
| 21:34 | Create | Villager (Male) |
| 21:34 | Create | Villager (Male) |
| 21:44 | Create | Gbeto |
| 21:47 | Create | Villager (Male) |
| 21:47 | Create | Villager (Male) |
| 21:48 | Create | Villager (Male) |
| 21:49 | Create | Battering Ram |
| 22:04 | Build | House |
| 22:05 | Build | House |
| 22:05 | Build | House |
| 22:05 | Build | House |
| 22:06 | Build | House |
| 22:06 | Build | House |
| 22:07 | Build | House |
| 22:07 | Build | House |
| 22:07 | Build | House |
| 22:07 | Build | House |
| 22:15 | Create | Gbeto |
| 22:21 | Build | Outpost |
| 22:23 | Create | Battering Ram |
| 22:28 | Research | Scale Barding Armor |
| 22:35 | Create | Villager (Male) |
| 22:35 | Create | Villager (Male) |
| 22:37 | Create | Battering Ram |
| 22:50 | Create | Gbeto |
| 22:54 | Build | House |
Build order — DK_DM_The_Death
129 actions detected in the replay
| 0:00 | Create | Villager (Male) ×4 |
| 0:04 | Build | House |
| 0:05 | Build | House |
| 1:16 | Build | Dock |
| 1:25 | Create | Villager (Male) |
| 1:54 | Create | Fishing Ship |
| 1:54 | Create | Fishing Ship |
| 2:01 | Build | House |
| 2:05 | Create | Villager (Male) |
| 2:27 | Create | Villager (Male) |
| 2:41 | Build | Lumber Camp |
| 2:49 | Create | Villager (Male) |
| 3:04 | Create | Villager (Male) |
| 3:24 | Create | Villager (Male) |
| 3:40 | Create | Villager (Male) |
| 4:00 | Create | Villager (Male) |
| 4:09 | Create | Villager (Male) |
| 4:15 | Create | Villager (Male) |
| 4:35 | Create | Fishing Ship |
| 4:51 | Build | House |
| 4:58 | Create | Villager (Male) |
| 4:58 | Create | Villager (Male) |
| 4:58 | Create | Villager (Male) |
| 5:17 | Create | Villager (Male) |
| 5:32 | Create | Fishing Ship |
| 5:37 | Build | House |
| 6:05 | Create | Fishing Ship |
| 6:22 | Create | Villager (Male) |
| 7:12 | Build | Mill |
| 7:15 | Create | Villager (Male) |
| 7:36 | Create | Villager (Male) |
| 7:37 | Build | House |
| 8:17 | Research | Feudal Age |
| 8:22 | Research | Double-Bit Axe |
| 8:25 | Build | Mining Camp |
| 8:41 | Create | Villager (Male) |
| 8:41 | Research | Loom |
| 9:20 | Research | Tech 906 |
| 10:56 | Age | Feudal Age |
| 10:57 | Build | Market |
| 11:00 | Build | Blacksmith |
| 11:01 | Create | Unit 2626 |
| 11:43 | Research | Castle Age |
| 11:48 | Create | Unit 2626 |
| 12:29 | Create | Transport Ship |
| 12:55 | Build | House |
| 13:21 | Create | Unit 2626 |
| 13:22 | Create | Unit 2626 |
| 13:42 | Create | Villager (Male) |
| 13:55 | Build | Outpost |
| 14:26 | Age | Castle Age |
| 14:32 | Build | Monastery |
| 14:38 | Build | Siege Workshop |
| 14:39 | Create | Villager (Male) |
| 15:10 | Create | Villager (Male) |
| 15:16 | Create | Monk |
| 15:26 | Build | Monastery |
| 15:27 | Create | Villager (Male) |
| 15:45 | Create | Battering Ram |
| 16:00 | Create | Monk |
| 16:03 | Build | House |
| 16:09 | Research | Devotion |
| 16:18 | Research | Sanctity |
| 16:19 | Create | Monk |
| 16:22 | Create | Villager (Male) |
| 16:22 | Create | Villager (Male) |
| 16:24 | Build | House |
| 16:25 | Build | House |
| 16:41 | Build | House |
| 16:57 | Create | Monk |
| 16:58 | Create | Villager (Male) |
| 17:05 | Build | Lumber Camp |
| 17:13 | Build | House |
| 17:28 | Create | Villager (Male) |
| 17:38 | Create | Monk |
| 17:40 | Build | House |
| 17:58 | Create | Villager (Male) |
| 18:17 | Create | Villager (Male) |
| 18:20 | Build | Castle |
| 18:30 | Create | Monk |
| 18:40 | Create | Unit 2626 |
| 18:58 | Create | Monk |
| 19:02 | Create | Mangonel |
| 19:03 | Create | Villager (Male) |
| 19:04 | Create | Villager (Male) |
| 19:23 | Create | Villager (Male) |
| 19:33 | Build | Outpost |
| 19:35 | Create | Villager (Male) |
| 19:48 | Create | Monk |
| 19:50 | Create | Villager (Male) |
| 20:04 | Build | Monastery |
| 20:23 | Build | House |
| 20:26 | Create | Monk |
| 20:51 | Create | Villager (Male) |
| 21:09 | Build | House |
| 21:29 | Create | Villager (Male) |
| 21:37 | Build | Barracks |
| 21:58 | Build | House |
| 22:50 | Build | Lumber Camp |
| 23:01 | Research | Imperial Age |
| 23:06 | Create | Unit 2626 |
| 23:41 | Create | Villager (Male) |
| 23:51 | Create | Coustillier |
| 23:54 | Research | Scale Barding Armor |
| 24:21 | Create | Coustillier |
| 24:25 | Create | Monk |
| 24:30 | Create | Villager (Male) |
| 24:37 | Create | Coustillier |
| 24:40 | Build | Barracks |
| 24:53 | Build | Siege Workshop |
| 25:02 | Create | Coustillier |
| 25:26 | Build | Dock |
| 25:33 | Research | War Galley (upgrade) |
| 25:33 | Research | War Galley (upgrade) |
| 25:39 | Create | Coustillier |
| 25:42 | Create | Unit 2626 |
| 26:11 | Age | Imperial Age |
| 26:15 | Create | Trebuchet (Packed) |
| 26:35 | Create | Transport Ship |
| 26:49 | Create | Villager (Male) |
| 26:49 | Create | Villager (Male) |
| 27:00 | Build | House |
| 27:12 | Create | Trebuchet (Packed) |
| 27:16 | Create | Villager (Male) |
| 27:24 | Create | Unit 2626 |
| 27:37 | Build | House |
| 27:38 | Build | House |
| 27:56 | Create | Unit 2626 |
| 27:57 | Create | Unit 2626 |
Build order — DK_Nightclaim
116 actions detected in the replay
| 0:13 | Build | Town Center |
| 1:24 | Create | Villager (Male) |
| 1:24 | Create | Villager (Male) |
| 1:24 | Create | Villager (Male) |
| 1:25 | Create | Villager (Male) |
| 1:25 | Create | Villager (Male) |
| 1:37 | Build | Dock |
| 2:14 | Create | Fishing Ship |
| 2:27 | Build | House |
| 3:05 | Create | Villager (Male) |
| 3:05 | Create | Villager (Male) |
| 3:20 | Create | Fishing Ship |
| 3:21 | Create | Fishing Ship |
| 3:32 | Create | Villager (Male) |
| 3:33 | Create | Villager (Male) |
| 3:48 | Build | House |
| 3:57 | Create | Villager (Male) |
| 4:25 | Create | Villager (Male) |
| 4:25 | Create | Villager (Male) |
| 4:34 | Create | Fishing Ship |
| 4:35 | Create | Fishing Ship |
| 4:40 | Research | Loom |
| 5:01 | Create | Villager (Male) |
| 5:05 | Create | Fishing Ship |
| 5:30 | Create | Villager (Male) |
| 5:39 | Build | House |
| 5:45 | Create | Villager (Male) |
| 5:46 | Create | Villager (Male) |
| 6:05 | Create | Fishing Ship |
| 6:37 | Create | Villager (Male) |
| 6:43 | Create | Fishing Ship |
| 6:48 | Build | House |
| 7:01 | Create | Villager (Male) |
| 7:28 | Create | Fishing Ship |
| 7:28 | Create | Fishing Ship |
| 7:41 | Create | Villager (Male) |
| 8:01 | Create | Villager (Male) |
| 8:03 | Create | Fishing Ship |
| 8:33 | Create | Villager (Male) |
| 8:39 | Build | House |
| 8:55 | Create | Villager (Male) |
| 9:09 | Build | House |
| 9:18 | Build | Mill |
| 9:33 | Build | Dock |
| 9:36 | Create | Villager (Male) |
| 9:43 | Create | Villager (Male) |
| 9:48 | Create | Fishing Ship |
| 10:05 | Build | Mining Camp |
| 10:17 | Create | Villager (Male) |
| 10:23 | Build | House |
| 10:34 | Create | Villager (Male) |
| 10:39 | Build | House |
| 10:50 | Research | Feudal Age |
| 11:40 | Create | Fishing Ship |
| 12:07 | Build | Mining Camp |
| 12:23 | Build | House |
| 12:55 | Create | Villager (Male) |
| 12:55 | Create | Villager (Male) |
| 13:01 | Age | Feudal Age |
| 13:14 | Build | Market |
| 13:24 | Build | Blacksmith |
| 14:03 | Research | Castle Age |
| 14:15 | Build | Lumber Camp |
| 14:40 | Create | Unit 2626 |
| 14:53 | Build | Barracks |
| 15:04 | Research | Double-Bit Axe |
| 15:21 | Create | Villager (Male) |
| 16:43 | Age | Castle Age |
| 16:46 | Create | Fire Lancer |
| 16:46 | Create | Fire Lancer |
| 16:50 | Create | Villager (Male) |
| 16:53 | Research | Bow Saw |
| 17:36 | Build | Castle |
| 17:44 | Create | Villager (Male) |
| 18:13 | Create | Villager (Male) |
| 18:49 | Create | Villager (Male) |
| 19:20 | Research | Imperial Age |
| 19:44 | Build | Lumber Camp |
| 19:57 | Build | House |
| 20:01 | Build | House |
| 20:18 | Create | Rattan Archer |
| 20:18 | Create | Rattan Archer |
| 20:23 | Create | Rattan Archer |
| 20:44 | Research | Fletching |
| 21:05 | Build | House |
| 21:19 | Create | Rattan Archer |
| 21:20 | Create | Rattan Archer |
| 21:59 | Create | Rattan Archer |
| 21:59 | Create | Rattan Archer |
| 22:03 | Build | House |
| 22:04 | Build | House |
| 22:07 | Create | Villager (Male) |
| 22:13 | Create | Villager (Male) |
| 22:30 | Age | Imperial Age |
| 22:33 | Create | Trebuchet (Packed) |
| 22:49 | Research | Horse Collar |
| 22:49 | Research | Horse Collar |
| 23:07 | Create | Villager (Male) |
| 23:08 | Create | Villager (Male) |
| 23:36 | Create | Rattan Archer |
| 23:37 | Create | Rattan Archer |
| 23:37 | Create | Rattan Archer |
| 24:06 | Create | Villager (Male) |
| 24:06 | Create | Villager (Male) |
| 24:06 | Create | Villager (Male) |
| 24:42 | Create | Fire Lancer |
| 24:42 | Create | Fire Lancer |
| 24:42 | Create | Fire Lancer |
| 24:42 | Create | Fire Lancer |
| 25:24 | Create | Villager (Male) |
| 25:24 | Create | Villager (Male) |
| 26:43 | Create | Transport Ship |
| 28:16 | Build | Palisade Wall |
| 28:17 | Build | Palisade Wall |
| 28:19 | Build | Palisade Wall |
| 28:20 | Build | Palisade Wall |
Build order — Nephthys123
131 actions detected in the replay
| 0:01 | Create | Villager (Male) |
| 0:01 | Create | Villager (Male) |
| 0:02 | Build | House |
| 0:05 | Build | House |
| 0:29 | Create | Villager (Male) |
| 0:29 | Create | Villager (Male) |
| 0:55 | Build | Dock |
| 1:30 | Create | Villager (Male) |
| 1:37 | Create | Fishing Ship |
| 1:37 | Create | Fishing Ship |
| 2:08 | Create | Villager (Male) |
| 2:14 | Build | Lumber Camp |
| 2:30 | Create | Villager (Male) |
| 2:46 | Create | Villager (Male) |
| 3:02 | Create | Villager (Male) |
| 3:08 | Build | House |
| 3:13 | Create | Villager (Male) |
| 3:49 | Create | Villager (Male) |
| 4:18 | Create | Fishing Ship |
| 4:20 | Create | Villager (Male) |
| 4:39 | Create | Villager (Male) |
| 4:52 | Create | Villager (Male) |
| 5:07 | Build | House |
| 5:11 | Create | Fishing Ship |
| 5:13 | Create | Villager (Male) |
| 6:11 | Create | Villager (Male) |
| 6:15 | Build | House |
| 6:35 | Build | Mill |
| 6:45 | Create | Villager (Male) |
| 6:55 | Create | Villager (Male) |
| 7:14 | Create | Villager (Male) |
| 7:35 | Build | Mining Camp |
| 7:47 | Create | Villager (Male) |
| 7:47 | Research | Feudal Age |
| 7:59 | Research | Loom |
| 10:02 | Create | Villager (Male) |
| 10:04 | Create | Villager (Male) |
| 10:21 | Build | House |
| 10:36 | Age | Feudal Age |
| 10:38 | Build | Market |
| 10:41 | Build | Blacksmith |
| 10:48 | Build | Stone Wall |
| 11:19 | Build | Stone Wall |
| 11:29 | Research | Castle Age |
| 11:47 | Build | Mining Camp |
| 12:04 | Create | Unit 2626 |
| 13:00 | Research | Double-Bit Axe |
| 13:01 | Create | Villager (Male) |
| 13:53 | Create | Unit 2626 |
| 14:09 | Age | Castle Age |
| 14:12 | Build | Castle |
| 14:23 | Create | Villager (Male) |
| 14:40 | Build | House |
| 14:47 | Build | Farm |
| 14:47 | Build | Farm |
| 14:47 | Build | Farm |
| 14:47 | Build | Farm |
| 14:48 | Build | Farm |
| 14:48 | Build | Farm |
| 14:48 | Build | Farm |
| 15:09 | Create | Villager (Male) |
| 15:09 | Create | Villager (Male) |
| 15:23 | Create | Unit 2626 |
| 15:24 | Create | Villager (Male) |
| 15:46 | Build | Lumber Camp |
| 15:48 | Create | Janissary |
| 15:48 | Create | Janissary |
| 15:49 | Create | Villager (Male) |
| 16:01 | Build | Gate |
| 16:03 | Create | Villager (Male) |
| 16:09 | Research | Tech 905 |
| 16:35 | Create | Janissary |
| 16:41 | Build | Stone Wall |
| 17:19 | Create | Villager (Male) |
| 17:19 | Create | Villager (Male) |
| 17:32 | Build | Barracks |
| 18:00 | Create | Villager (Male) |
| 18:00 | Create | Villager (Male) |
| 18:23 | Build | Stable |
| 18:40 | Build | Farm |
| 19:01 | Create | Scout Cavalry |
| 19:01 | Create | Scout Cavalry |
| 19:02 | Create | Scout Cavalry |
| 19:04 | Create | Villager (Male) |
| 19:04 | Create | Villager (Male) |
| 19:11 | Build | Mining Camp |
| 19:26 | Create | Villager (Male) |
| 19:36 | Build | House |
| 19:37 | Build | House |
| 19:49 | Create | Scout Cavalry |
| 19:53 | Build | Monastery |
| 20:21 | Create | Scout Cavalry |
| 20:21 | Create | Villager (Male) |
| 20:22 | Create | Villager (Male) |
| 20:39 | Research | Devotion |
| 20:53 | Create | Villager (Male) |
| 20:56 | Create | Scout Cavalry |
| 21:01 | Create | Unit 2626 |
| 21:12 | Build | House |
| 21:25 | Build | Siege Workshop |
| 21:28 | Create | Scout Cavalry |
| 22:06 | Create | Villager (Male) |
| 22:08 | Create | Mangonel |
| 22:10 | Build | House |
| 22:51 | Build | Farm |
| 22:53 | Build | Farm |
| 22:54 | Build | Farm |
| 22:54 | Build | Farm |
| 22:54 | Build | Farm |
| 22:54 | Build | Farm |
| 22:55 | Build | Farm |
| 23:15 | Create | Unit 2626 |
| 23:16 | Create | Villager (Male) |
| 23:34 | Build | Farm |
| 23:53 | Create | Villager (Male) |
| 23:54 | Create | Villager (Male) |
| 24:00 | Build | Lumber Camp |
| 24:18 | Create | Unit 2626 |
| 24:19 | Create | Villager (Male) |
| 24:39 | Build | Farm |
| 24:52 | Build | Farm |
| 25:07 | Create | Unit 2626 |
| 25:08 | Create | Villager (Male) |
| 25:34 | Create | Unit 2626 |
| 25:34 | Create | Villager (Male) |
| 25:35 | Create | Villager (Male) |
| 26:20 | Build | Dock |
| 26:25 | Create | Villager (Male) |
| 27:17 | Create | Transport Ship |
| 28:31 | Research | Imperial Age |
| 28:32 | Research | Loom |
Match timeline
| 0:41 | Breakfast · first_building Dock |
| 0:55 | Nephthys123 · first_building Dock |
| 1:16 | DK_DM_The_Death · first_building Dock |
| 1:37 | DK_Nightclaim · first_building Dock |
| 10:36 | Nephthys123 · age_up feudal |
| 10:48 | Nephthys123 · wall_segment Stone Wall x11 |
| 10:56 | DK_DM_The_Death · age_up feudal |
| 11:19 | Nephthys123 · wall_segment Stone Wall x2 |
| 12:23 | Breakfast · age_up feudal |
| 13:01 | DK_Nightclaim · age_up feudal |
| 13:46 | DK_DM_The_Death · first_market_buy 100 wood |
| 14:09 | Nephthys123 · age_up castle |
| 14:12 | Nephthys123 · first_building Castle |
| 14:26 | DK_DM_The_Death · age_up castle |
| 14:32 | DK_DM_The_Death · first_building Monastery |
| 14:38 | DK_DM_The_Death · first_building Siege Workshop |
| 14:53 | DK_Nightclaim · first_building Barracks |
| 15:53 | Breakfast · age_up castle |
| 16:05 | Breakfast · first_building Castle |
| 16:41 | Nephthys123 · wall_segment Stone Wall x2 |
| 16:43 | DK_Nightclaim · age_up castle |
| 16:55 | Breakfast · wall_segment Palisade Wall x1 |
| 17:32 | Nephthys123 · first_building Barracks |
| 17:33 | Breakfast · first_market_sell 100 food |
| 17:33 | Breakfast · first_market_buy 100 wood |
| 17:36 | DK_Nightclaim · first_building Castle |
| 17:53 | DK_Nightclaim · first_market_sell 500 wood |
| 18:10 | DK_Nightclaim · first_market_buy 100 food |
| 18:20 | DK_DM_The_Death · first_building Castle |
| 18:23 | Nephthys123 · first_building Stable |
| 19:53 | Nephthys123 · first_building Monastery |
| 20:08 | Breakfast · first_building Siege Workshop |
| 20:19 | Nephthys123 · first_market_buy 100 food |
| 21:25 | Nephthys123 · first_building Siege Workshop |
| 21:37 | DK_DM_The_Death · first_building Barracks |
| 22:29 | DK_DM_The_Death · first_market_sell 100 wood |
| 22:30 | DK_Nightclaim · age_up imperial |
| 26:11 | DK_DM_The_Death · age_up imperial |
| 26:35 | Nephthys123 · first_market_sell 500 stone |
| 28:16 | DK_Nightclaim · wall_segment Palisade Wall x1 |
| 28:17 | DK_Nightclaim · wall_segment Palisade Wall x1 |
| 28:19 | DK_Nightclaim · wall_segment Palisade Wall x1 |
| 28:20 | DK_Nightclaim · wall_segment Palisade Wall x1 |
| 28:41 | DK_DM_The_Death · resign |
[ AI ANALYSIS · 1 CREDIT ]
What really happened in this match?
Wolo.gg analyzes every decision: build order, eco, micro, common mistakes by bracket. Personalized analysis on WhatsApp or Discord in 30 seconds.
Civ guide
Malians
Perfil
Jugador #4851630